 Dungeon Crawl Stone Soup version 0.29.1-12-g30fa7ad0bf (webtiles) character file.

Game seed: 11244019259432273642

1019 H0rd4k the Insei (level 8, -1/55 HPs)
             Began as an Octopode Artificer on Dec 15, 2022.
             Killed by nerve-wracking pain
             ... invoked by an orc priest
              (10 damage)
             ... on level 6 of the Dungeon.
             The game lasted 00:06:37 (7231 turns).

H0rd4k the Insei (Octopode Artificer)               Turns: 7231, Time: 00:06:38

Health: -1/55      AC:  1    Str: 12    XL:     8   Next: 22%
Magic:  13/13      EV: 13    Int: 15    God:
Gold:   227        SH:  5    Dex: 12    Spells: 14/14 levels left

rFire   . . .      SeeInvis .     - Unarmed
rCold   . . .      Faith    .   (no shield)
rNeg    . . .      Spirit   .   (helmet restricted)
rPois   .          Reflect  +   l - amulet of reflection
rElec   .          Harm     .   s - ring of flight
rCorr   .          Rampage  .   (no ring)
Will    .....                   (no ring)
Stlth   +++.......              (no ring)
HPRegen 0.18/turn               (no ring)
MPRegen 0.13/turn               (no ring)
                                (no ring)
                                (no ring)

@: lethally poisoned (-1 -> -6), flying
A: almost no armour, amphibious, 8 rings, camouflage 1, gelatinous body 1,
(nimble swimmer 1), tentacles
a: no special abilities


You were on level 6 of the Dungeon.
You visited 1 branch of the dungeon, and saw 6 of its levels.

You collected 227 gold pieces.

Inventory:

Missiles
 p - 4 boomerangs of dispersal
 t - a throwing net
Jewellery
 h - an amulet of guardian spirit
 l - an amulet of reflection (around mantle)
 r - an amulet of the acrobat
 s - a ring of flight (left tentacle)
Wands
 b - a wand of flame (7) (quivered)
Scrolls
 a - a scroll of teleportation
 f - a scroll of poison {unknown}
 g - a scroll of acquirement {unknown}
 i - a scroll of noise {unknown}
 k - 2 scrolls of identify {unknown}
 n - a scroll of summoning {unknown}
 o - 2 scrolls of vulnerability {unknown}
 q - a scroll of amnesia {unknown}
Potions
 d - a potion of lignification {unknown}
 e - 2 potions of haste {unknown}
 j - a potion of curing
 m - a potion of degeneration {unknown}


   Skills:
 * Level 5.3 Fighting
 - Level 2.3 Dodging
 - Level 1.3 Stealth
 + Level 1.8 Shields
 + Level 5.6 Unarmed Combat
 * Level 3.7 Spellcasting
 - Level 3.2 Evocations


You had 14 spell levels left.
You didn't know any spells.
Your spell library contained the following spells:

 Spells                   Type           Power      Damage    Failure   Level
 Apportation              Tloc           4%         N/A       19%         1
 Summon Small Mammal      Summ           8%         N/A       19%         1
 Call Canine Familiar     Summ           2%         N/A       50%         3
 Conjure Flame            Conj/Fire      2%         6-21      50%         3
 Ignite Poison            Fire/Tmut/Pois 2%         N/A       50%         3
 Summon Guardian Golem    Hex/Summ       2%         N/A       50%         3
 Sticky Flame             Conj/Fire      2%         2d3       88%         4
 Alistair's Intoxication  Tmut/Pois      1%         N/A       99%         5


Dungeon Overview and Level Annotations

Branches:
Dungeon (6/15)
 Temple: D:4-7

Altars:
Cheibriados
Fedhas
Hepliaklqana
Okawaru

Annotations:
D:4 exclusion: 2 downstairs
D:5 Duvessa


Innate Abilities, Weirdness & Mutations

You cannot wear most types of armour.
You are amphibious.
You can wear up to eight rings at the same time.
Your skin changes colour to match your surroundings (Stealth+).
Your rubbery body absorbs attacks. (AC +1, EV +1)
((You are camouflaged when in or above water. (Stealth+)))
You have tentacles for arms and can constrict up to eight enemies at once.


Message History

Found 12 gold pieces.
e - 2 pink potions (gained 1)
You now have 227 gold pieces (gained 12).
Unknown command.
An orc comes into view. It is wielding a +3 short sword.
The orc shouts!
You hear a shout! x3; You hear an angry hiss.
An orc priest comes into view. It is wielding a +0 mace.
A water moccasin, an orc wizard and an orc come into view.
The water moccasin hisses angrily.
The orc shouts!
The orc priest looks encouraged for a moment.
An orc comes into view. It is wielding a +0 club.
You bludgeon the orc!
You kill the orc!
Things that are here:
a +3 short sword; an orc corpse
Okay, then.
As you read the scroll labelled ILACLA OPERCHYMP, it crumbles to dust.
You feel strangely unstable.
It was a scroll of teleportation.
The orc wizard attacks as you move away!
The orc wizard hits you with a +0 dagger.
The water moccasin misses you.
The water moccasin attacks as you move away!
The water moccasin bites you but does no damage.
The water moccasin attacks as you move away!
The water moccasin bites you.
You are poisoned.
The water moccasin poisons you!
Your surroundings suddenly seem different.
You feel very sick.
You feel very sick.
The orc priest shouts!
You hear a shout!
You feel very sick.
The orc priest invokes the aid of Beogh against you.
Beogh smites you!
* * * LOW HITPOINT WARNING * * *
You feel sick.
You feel sick.
The orc priest calls down the wrath of Beogh upon you.
Pain shoots through your body!
You die...

#.....## ###..# ##
####.....## ##....# #
..........## #.....# #
......o....####....# #
#.......###....#
#........##...## #
#..........#.###########
##......).........(.....
#.....@<...............
##...#....############.
#...###...### ## #..##
###...### # #..##
###...##### # #..
##....#.## ..#
###.....### ###.......#.
##...........


You could see an orc priest.

Vanquished Creatures
  Menkaure (D:5)
  A black bear (D:5)
  An ice beast (D:5)
  An ogre (D:4)
  A centaur (D:5)
  A phantom (D:6)
  A scorpion (D:6)
  An orc priest (D:3)
  2 orc wizards
  A mummy (D:5)
  6 gnolls
  7 adders
  A white imp (D:5)
  2 ufetubi
  A worm (D:4)
  A dart slug (D:4)
  20 orcs
  6 ball pythons
  6 endoplasms
  3 giant cockroaches
  8 goblins
  4 hobgoblins
  5 jackals
  3 quokkas
  5 bats
  3 frilled lizards
  4 kobolds
  5 rats
101 creatures vanquished.

Vanquished Creatures (collateral kills)
  Dowan (D:5)
  An endoplasm (D:3)
  A frilled lizard (D:3)
3 creatures vanquished.

Vanquished Creatures (others)
  A gnoll sergeant (D:5)
  An orc wizard (D:3)
  4 gnolls
  2 orcs (D:3)
  3 plants (D:5)
11 creatures vanquished.

Grand Total: 115 creatures vanquished

Notes
Turn   | Place    | Note
-------+----------+-------------------------------------------
     0 | D:1      | H0rd4k the Octopode Artificer began the quest for the Orb.
     0 | D:1      | Reached XP level 1. HP: 13/13 MP: 1/1
    12 | D:1      | Noticed a bullfrog
   512 | D:1      | Reached XP level 2. HP: 19/19 MP: 2/2
   655 | D:1      | Found a faded altar of an unknown god.
  1129 | D:2      | Reached skill level 1 in Spellcasting
  1141 | D:2      | Reached XP level 3. HP: 16/25 MP: 4/4
  1692 | D:2      | Reached skill level 1 in Unarmed Combat
  1727 | D:2      | Reached XP level 4. HP: 30/30 MP: 6/6
  1919 | D:2      | You fall into a shaft and drop 1 floor!
  2208 | D:3      | Found a hazy altar of Hepliaklqana.
  2419 | D:3      | Reached XP level 5. HP: 10/36 MP: 8/8
  3854 | D:4      | Noticed an ogre
  3862 | D:4      | Killed an ogre
  3863 | D:4      | Reached XP level 6. HP: 43/43 MP: 8/10
  4839 | D:5      | Entered Level 5 of the Dungeon
  4889 | D:5      | Noticed Duvessa
  4890 | D:5      | Noticed Dowan
  4898 | D:5      | Noticed an ice beast
  4905 | D:5      | Killed Dowan
  4927 | D:5      | Noticed a black bear
  4932 | D:5      | Found a blossoming altar of Fedhas.
  5194 | D:5      | Identified the +5 ring mail "Wuucaac" {rF- rC- Regen+ rCorr
                  | Slay+5}
  5462 | D:5      | Noticed Menkaure
  5463 | D:5      | Reached XP level 7. HP: 20/49 MP: 11/11
  5843 | D:6      | Found an iron altar of Okawaru.
  6341 | D:6      | Reached skill level 1 in Shields
  6693 | D:5      | Found a snail-covered altar of Cheibriados.
  6905 | D:5      | Reached skill level 5 in Fighting
  6905 | D:5      | Reached skill level 5 in Unarmed Combat
  6942 | D:5      | Reached XP level 8. HP: 20/55 MP: 13/13
  7188 | D:5      | Killed Menkaure
  7231 | D:6      | Killed from afar by an orc priest

Illustrated notes

Levels and vault maps discovered:
D:1:      evilmike_arrival_come_back, layout_loops_cross,
          ebering_ecumenical_altar_mist
D:2:      layout_basic
D:3:      layout_basic, mainiacjoe_overflow_brackets, amethyst_killhole
D:4:      layout_loops_cross
D:5:      layout_loops_ring, nicolae_uskayaw_murder_on_the_dancefloor,
          nicolae_overflow_crystal_walls, fedhas_ov_isle_minmay, slow_altar_1,
          minmay_temple_entry_trees, grunt_decor_cap, uniq_duvessa,
          uniq_menkaure
D:6:      layout_cave_pods, mainiacjoe_overflow_concentric_impassable,
          biasface_ghost_orc_armoury

Skill      XL: |  1  2  3  4  5  6  7 |
---------------+----------------------+-----
Fighting       | 2 3 4 5 |  5.3
Spellcasting   | 1 2 3 |  3.7
Unarmed Combat | 1 2 4 5 |  5.6
Shields        | 1 |  1.8
Dodging        | |  2.3
Stealth        | |  1.3
Evocations     | |  3.2

Action                   |  1- 3 |  4- 6 |  7- 9 || total
-------------------------+-------+-------+-------++-------
Melee: Unarmed           |    82 |   114 |    53 ||   249
       Tentacles         |    24 |    29 |    16 ||    69
       Constrict         |    23 |    31 |    10 ||    64
       Punch             |     1 |     5 |     3 ||     9
Evoke: Wand              |     3 |    26 |     9 ||    38
  Use: Potion            |       |     1 |       ||     1
       Scroll            |       |       |     1 ||     1
 Stab: Sleeping          |     5 |     8 |       ||    13
       Distracted        |       |     1 |       ||     1
Armor: Skin              |    11 |     6 |     5 ||    22
Dodge: Dodged            |    74 |    54 |    36 ||   164
Block: Other             |       |    14 |     9 ||    23
       Reflection        |       |     1 |       ||     1
